 Dungeon Crawl Stone Soup version 0.29-a0-598-gd8304a5bf4 (webtiles) character file.

Game seed: 7453706526482136321

1099 wingedge the Archer (level 8, 0/40 HPs)
             Began as a Spriggan Hunter on June 16, 2022.
             Succumbed to Crazy Yiuf's poison
             ... on level 5 of the Dungeon.
             The game lasted 00:16:48 (5162 turns).

wingedge the Archer (Spriggan Hunter)               Turns: 5162, Time: 00:16:48

Health: 0/40       AC: 10    Str:  9    XL:     8   Next: 10%
Magic:  9/9        EV:  9    Int: 10    God:
Gold:   335        SH:  0    Dex: 21    Spells: 7/7 levels left

rFire   . . .      SeeInvis +   a - +1 shortbow
rCold   . . .      Faith    .   (shield currently unavailable)
rNeg    . . .      Spirit   .   d - +0 storm dragon scales
rPois   .          Reflect  .   (helmet restricted)
rElec   +          Harm     .   (no cloak)
rCorr   .          Rampage  .   (gloves unavailable)
Will    +....                   (boots unavailable)
Stlth   ..........              p - amulet of magic regeneration
HPRegen 0.13/turn               (no ring)
MPRegen 0.51/turn               (no ring)

@: lethally poisoned (0 -> -7), very quick
A: very small, no large weapons, unfitting armour, see invisible, speed 3,
mutation resistance 1, strong 1
a: no special abilities


You were on level 5 of the Dungeon.
You visited 1 branch of the dungeon, and saw 5 of its levels.

You collected 335 gold pieces.

Inventory:

Hand Weapons
 a - a +1 shortbow (weapon)
 b - a +3 short sword
 f - a +1 vampiric dagger
Armour
 d - +0 storm dragon scales (worn)
 e - a +0 robe
Magical Staves
 q - a staff of poison
Jewellery
 p - an amulet of magic regeneration (around neck)
Wands
 k - a wand of digging (2)
Scrolls
 c - 2 scrolls of immolation
 g - 3 scrolls of teleportation
 h - a scroll of brand weapon {unknown}
 i - a scroll of poison
 l - a scroll of identify
 n - 2 scrolls of magic mapping
 o - 2 scrolls of vulnerability
 r - a scroll of torment {unknown}
 s - a scroll of silence
Potions
 j - a potion of magic


   Skills:
 + Level 3.1 Fighting
 - Level 2.0 Short Blades
 * Level 10.2 Bows
 + Level 1.8 Armour
 + Level 4.8 Dodging
 - Level 2.0 Stealth


You had 7 spell levels left.
You didn't know any spells.
Your spell library contained the following spells:

 Spells                   Type           Power      Damage    Failure   Level
 Beastly Appendage        Tmut           0%         N/A       100%        1
 Wereblood                Tmut           0%         N/A       100%        2
 Spider Form              Tmut/Pois      0%         N/A       100%        3
 Passage of Golubria      Tloc           0%         N/A       100%        4
 Silence                  Hex/Air        0%         N/A       100%        5
 Lehudib's Crystal Spear  Conj/Erth      0%         10d2      100%        8


Dungeon Overview and Level Annotations

Branches:
Dungeon (5/15)
 Temple: D:4-7

Altars:
Hepliaklqana
Xom

Annotations:
D:5 Crazy Yiuf


Innate Abilities, Weirdness & Mutations

You are very small and have problems with some larger weapons.
You are too small for most types of armour.
You have supernaturally acute eyesight. (SInv)
You cover ground extremely quickly. (Speed+++)
You are somewhat resistant to further mutation.
Your muscles are strong. (Str +2)


Message History

Crazy Yiuf laughs, "Announcement shrimp fast!"
You open the door.
Shoot: a) +1 shortbow
Press: ? - help, Q - select action Shift-Dir - straight line, f - Crazy Yiuf
Aim: Crazy Yiuf, wielding a +4 quarterstaff of chaos and wearing a +0 cloak (72% to hit)
You shoot an arrow. The arrow hits Crazy Yiuf!
Crazy Yiuf is heavily wounded.
Crazy Yiuf says, "Crazy?
Crazy!?
PORCUPINE!"
Crazy Yiuf barely misses you. x2
Shoot: a) +1 shortbow
Press: ? - help, Q - select action Shift-Dir - straight line, f/p - Crazy Yiuf
Aim: Crazy Yiuf, wielding a +4 quarterstaff of chaos and wearing a +0 cloak (heavily wounded, 72% to hit)
You shoot an arrow. The arrow hits Crazy Yiuf.
Crazy Yiuf is heavily wounded.
Crazy Yiuf whimpers, "Tonal Hive agre!"
Crazy Yiuf hits you with a +4 quarterstaff of chaos.
You are poisoned.
Really attack while wielding your +1 shortbow? [Y]es or [N]o only, please.
Really attack while wielding your +1 shortbow? [Y]es or [N]o only, please.
Really attack while wielding your +1 shortbow?
Okay, then.
Shoot: a) +1 shortbow
Press: ? - help, Q - select action Shift-Dir - straight line, f/p - Crazy Yiuf
Aim: Crazy Yiuf, wielding a +4 quarterstaff of chaos and wearing a +0 cloak (heavily wounded, 72% to hit)
You shoot an arrow. The arrow hits Crazy Yiuf.
Crazy Yiuf is severely wounded.
You feel very sick.
Crazy Yiuf hits you with a +4 quarterstaff of chaos!
Crazy Yiuf freezes you.
Crazy Yiuf screams, "Race!"
Crazy Yiuf hits you with a +4 quarterstaff of chaos!
* * * LOW HITPOINT WARNING * * *
Crazy Yiuf burns you.
* * * LOW HITPOINT WARNING * * *
Blink to where?
Press: ? - help, Dir - move target, p - Crazy Yiuf
As you read the scroll of blinking, it crumbles to dust.
You die...

######.......# #####
.......####### #..)#
######## #.# #...# #.#
... ##.# #g# #..# ♣♣§♣
#.## ♣.♣♣ #.# ♣♣.♣
##.# ♣@♣♣ #### ##..##
♣♣.♣♣ ...# #....#
♣...♣♣ ##.######.####
♣.P..♣ ##..##.(..#
#....#
..#.)#....#######..###
#.........<..........#
#####............#.#.#
#................#...#


You could see Crazy Yiuf.

Vanquished Creatures
  Grinder (D:3)
  Sigmund (D:5)
  An ice beast (D:5)
  2 ogres
  A phantom (D:4)
  A scorpion (D:5)
  A water moccasin zombie (D:4)
  2 iguanas
  A scorpion zombie (D:4)
  An orc wizard (D:3)
  4 gnolls (D:4)
  8 adders
  2 adder skeletons (D:4)
  4 worms
  3 dart slugs
  4 orcs
  4 bats
  7 endoplasms
  3 giant cockroaches
  5 hobgoblins
  2 quokkas
  5 ball pythons
  2 frilled lizards
  14 goblins
  3 kobolds
  7 rats
89 creatures vanquished.

Vanquished Creatures (others)
  2 fungi (D:4)
  13 plants (D:4)
  5 toadstools (D:4)
20 creatures vanquished.

Grand Total: 109 creatures vanquished

Notes
Turn   | Place    | Note
-------+----------+-------------------------------------------
     0 | D:1      | wingedge the Spriggan Hunter began the quest for the Orb.
     0 | D:1      | Reached XP level 1. HP: 10/10 MP: 2/2
    91 | D:1      | Reached skill level 5 in Bows
   100 | D:1      | Reached XP level 2. HP: 15/15 MP: 3/3
   125 | D:1      | Found a faded altar of an unknown god.
   696 | D:2      | Reached XP level 3. HP: 18/18 MP: 4/4
   817 | D:2      | Reached skill level 1 in Short Blades
  1511 | D:3      | Reached skill level 6 in Bows
  1511 | D:3      | Reached XP level 4. HP: 16/23 MP: 5/5
  1638 | D:3      | Found a hazy altar of Hepliaklqana.
  2054 | D:3      | Noticed an ogre
  2057 | D:3      | Killed an ogre
  2058 | D:3      | Reached skill level 7 in Bows
  2058 | D:3      | Reached XP level 5. HP: 26/26 MP: 6/6
  2059 | D:3      | Noticed Grinder
  2067 | D:3      | Paralysed by Grinder for 2 turns
  2074 | D:3      | Paralysed by Grinder for 2 turns
  2202 | D:3      | Paralysed by Grinder for 2 turns
  2268 | D:2      | Gained mutation: Your muscles are strong. (Str +2) [potion
                  | of mutation]
  2268 | D:2      | Gained mutation: You are somewhat resistant to further
                  | mutation. [potion of mutation]
  2323 | D:3      | Killed Grinder
  2324 | D:3      | Reached skill level 8 in Bows
  2324 | D:3      | Reached XP level 6. HP: 26/30 MP: 7/7
  2727 | D:4      | Reached skill level 9 in Bows
  2955 | D:4      | Reached XP level 7. HP: 30/35 MP: 8/8
  3688 | D:4      | Reached skill level 1 in Armour
  3966 | D:5      | Entered Level 5 of the Dungeon
  4314 | D:5      | Found a shimmering altar of Xom.
  4323 | D:5      | Reached skill level 10 in Bows
  4664 | D:5      | Noticed Sigmund
  4669 | D:5      | Killed Sigmund
  4670 | D:5      | Reached XP level 8. HP: 35/40 MP: 9/9
  5033 | D:5      | Found a runed translucent door.
  5034 | D:5      | Noticed Crazy Yiuf
  5161 | D:5      | HP: 1/40 [Crazy Yiuf/+4 quarterstaff of chaos (2)]
  5162 | D:5      | Succumbed to Crazy Yiuf's poison

Illustrated notes

Levels and vault maps discovered:
D:1:      enne_arrival_octagon_isle, layout_rooms,
          shapermc_ecumenical_altar_acropolis
D:2:      layout_basic
D:3:      layout_loops_ring, mainiacjoe_overflow_catwalk, minmay_ogre_servants,
          uniq_grinder
D:4:      layout_loops_corners, serial_undead, serial_undead_e, serial_undead_f,
          serial_undead_f, serial_undead_d, nrook_uturn, st_stairs_1,
          minmay_gold_behind_fungi, nicolae_grassy_gnolls
D:5:      layout_rooms, amcnicky_altar_gilded, uniq_sigmund,
          uniq_crazy_yiuf_cottage

Skill      XL: |  1  2  3  4  5  6  7 |
---------------+----------------------+-----
Bows           | 5 6 7 8 9 10 | 10.2
Stealth        | 2 |  2.0
Dodging        | 3 4 |  4.8
Fighting       | 2 3 |  3.1
Short Blades   | 1 2 |  2.0
Armour         | 1 |  1.8

Action                   |  1- 3 |  4- 6 |  7- 9 || total
-------------------------+-------+-------+-------++-------
Melee: Rapier            |     2 |       |       ||     2
       Short sword       |    12 |    18 |    29 ||    59
       Punch             |       |     1 |     1 ||     2
 Fire: Shortbow          |    83 |    76 |    83 ||   242
  Use: Scroll            |     1 |     6 |     2 ||     9
       Potion            |       |     3 |       ||     3
Armor: Robe              |     1 |     1 |       ||     2
       Storm dragon scal |       |    18 |    32 ||    50
Dodge: Dodged            |    13 |    25 |    30 ||    68

Table legend: (Time is in decaauts)
 A = Elapsed time spent in this place.
 B = Non-inter-level travel time spent in this place.
 C = Inter-level travel time spent in this place.
 D = Time resting spent in this place.
 E = Time spent auto-exploring this place.
 F = Levels seen in this place.
 G = Mean time per level.
                   A        B        C        D        E       F      G
               +--------+--------+--------+--------+--------+-----+--------+
         Total |   3951 |   3884 |     67 |   1095 |   1961 |   5 |  790.2 |
       Dungeon |   3951 |   3884 |     67 |   1095 |   1961 |   5 |  790.2 |
               +--------+--------+--------+--------+--------+-----+--------+

Top non-repeatable levels by time:
     D:5: 1031 daAuts
     D:4: 934 daAuts
     D:3: 918 daAuts
     D:2: 640 daAuts
     D:1: 426 daAuts
